 Seeded DCSS version 0.31-a0-848-gaac375c287 (webtiles) character file.

Game seed: 20231004 (custom seed)

25 Danienth the Sneak (level 2, -1/13 HPs)
             Began as a Spriggan Enchanter on Oct 4, 2023.
             Slain by an adder (2 damage)
             ... on level 2 of the Dungeon.
             The game lasted 00:03:51 (1113 turns).

Danienth the Sneak (Spriggan Enchanter)             Turns: 1113, Time: 00:03:53

Health: -1/13      AC:  2    Str:  4    XL:     2   Next: 86%
Magic:  7/7        EV: 17    Int: 16    God:
Gold:   48         SH:  5    Dex: 15    Spells: 3/7 levels left

rFire   . . .        a - +1 dagger
rCold   . . .        (no shield)
rNeg    . . .        b - +0 robe
rPois   .            (helmet restricted)
rElec   .            (no cloak)
rCorr   .            (gloves unavailable)
SInv    +            (boots unavailable)
Will    .....        d - amulet of reflection
Stlth   +++          (no ring)
HPRegen 0.22/turn    (no ring)
MPRegen 0.10/turn

%: reflection
@: lethally poisoned (-1 -> -2), very quick
A: very small, no large weapons, unfitting armour, see invisible, speed 3
a: no special abilities


You were on level 2 of the Dungeon.
You visited 1 branch of the dungeon, and saw 2 of its levels.

You collected 48 gold pieces.

Inventory:

Hand Weapons
 a - a +1 dagger (weapon)
Armour
 b - a +0 robe (worn)
Jewellery
 d - an amulet of reflection (around neck)
Scrolls
 g - a scroll of revelation {unknown}
 i - a scroll of fog {unknown}
 j - 2 scrolls of identify {unknown}
Potions
 c - a potion of invisibility
 e - 2 potions of haste {unknown}
 f - a potion of heal wounds {unknown}
 h - a potion of ambrosia {unknown}


   Skills:
 + Level 1.6 Short Blades
 + Level 3.1 Dodging
 + Level 4.8 Stealth
 + Level 3.1 Spellcasting
 + Level 3.9 Hexes


You had 3 spell levels left.
You knew the following spells:

 Your Spells              Type           Power      Damage    Failure   Level
a - Ensorcelled Hibernat  Hex/Ice        16%        N/A       12%         2
b - Blink                 Tloc           4%         N/A       28%         2

Your spell library contained the following spells:

 Spells                   Type           Power      Damage    Failure   Level
 Confusing Touch          Hex            15%        N/A       11%         3
 Tukima's Dance           Hex            15%        N/A       11%         3
 Dazzling Flash           Conj/Hex       16%        N/A       24%         3
 Lesser Beckoning         Tloc           4%         N/A       28%         2
 Momentum Strike          Conj/Tloc      4%         3d8       28%         2


Dungeon Overview and Level Annotations

Branches:
Dungeon (2/15)

Altars:


Innate Abilities, Weirdness & Mutations

You are very small and have problems with some larger weapons.
You are too small for most types of armour.
You have supernaturally acute eyesight. (SInv)
You cover ground extremely quickly. (Speed+++)


Message History

You hit the frilled lizard.
The frilled lizard is heavily wounded.
You block the frilled lizard's attack.
You hit the frilled lizard.
You kill the frilled lizard!
No target in view!
No target in view!
j - a scroll labelled OHUANA YCAASU
j - 2 scrolls labelled OHUANA YCAASU (gained 1)
Found 4 stones.
The adder hisses angrily.
You hit the adder but do no damage.
The adder is heavily wounded.
You block the adder's attack. The adder closely misses you.
You miss the adder.
The adder is heavily wounded.
The adder bites you.
You are poisoned.
The adder poisons you!
You closely miss the adder.
The adder is heavily wounded.
You feel sick. The adder barely misses you.
You hit the adder.
The adder is severely wounded.
You feel sick. The adder bites you.
You miss the adder.
The adder is severely wounded.
You feel sick. The adder bites you.
* * * LOW HITPOINT WARNING * * *
You are too injured to fight recklessly!
You are too injured to fight recklessly!
You are too injured to fight recklessly!
Hit: a) +1 dagger
Press: ? - help, Dir - move target, f - adder
Aim: an adder (severely wounded, about 52% to evade your +1 dagger)
You hit the adder but do no damage.
The adder is severely wounded.
* * * LOW HITPOINT WARNING * * *
You feel sick. You block the adder's attack. The adder bites you.
You die...

##### #...# #.#.###
#.....# #######..## ####
#........# #######..
#.####...# ......S.#
#.#..#...# ..(....@#
#.#..#...#
........######.#..#...#
................#.....##
#################.#....#
####....### #.####.##
#<#....# #.####.#
#....#.#


You could see an adder.

Vanquished Creatures
  An endoplasm (D:1)
  4 giant cockroaches
  A hobgoblin (D:1)
  3 kobolds (D:1)
  A quokka (D:1)
  7 ball pythons (D:1)
  A bat (D:1)
  3 frilled lizards
  2 goblins (D:1)
  2 rats (D:1)
25 creatures vanquished.

Notes
Turn   | Place    | Note
-------+----------+-------------------------------------------
     0 | D:1      | Danienth the Spriggan Enchanter began the quest for the
                  | Orb.
     0 | D:1      | Reached XP level 1. HP: 9/9 MP: 5/5
   219 | D:1      | Reached XP level 2. HP: 13/13 MP: 6/6
   392 | D:1      | Learned a level 2 spell: Ensorcelled Hibernation
   395 | D:1      | Learned a level 2 spell: Blink
  1113 | D:2      | Slain by an adder

Illustrated notes

Levels and vault maps discovered:
D:1:      eino_arrival_water_cross, layout_loops_corners,
          chequers_serial_rivers_small_3, minivault_14, feat_on_display
D:2:      layout_basic, serial_shops, nicolae_shop_tiny_glass, basic_altar

Skill      XL: |  1  2 |
---------------+-------+-----
Dodging        | 3 |  3.1
Spellcasting   | 3 |  3.1
Short Blades   | |  1.6
Stealth        | |  4.8
Hexes          | |  3.9

Action                     || total
---------------------------++-------
  Melee: Dagger            ||    91
    Use: Potion            ||     1
   Stab: Sleeping          ||    11
 Armour: Robe              ||    19
  Dodge: Dodged            ||    49
  Block: Other             ||    24

Table legend: (Time is in decaauts)
 A = Elapsed time spent in this place.
 B = Non-inter-level travel time spent in this place.
 C = Inter-level travel time spent in this place.
 D = Time resting spent in this place.
 E = Time spent auto-exploring this place.
 F = Levels seen in this place.
 G = Mean time per level.
                   A        B        C        D        E       F      G
               +--------+--------+--------+--------+--------+-----+--------+
         Total |    755 |    685 |     70 |     42 |    453 |   2 |  377.5 |
       Dungeon |    755 |    685 |     70 |     42 |    453 |   2 |  377.5 |
               +--------+--------+--------+--------+--------+-----+--------+

Top non-repeatable levels by time:
     D:1: 644 daAuts
     D:2: 110 daAuts
